 Dungeon Crawl Stone Soup version 0.19.4 (webtiles) character file.

156 Gargoyl the Skirmisher (level 5, -1/46 HPs)
             Began as a Ghoul Abyssal Knight on Feb 2, 2017.
             Was a Follower of Lugonu.
             Slain by a goblin
             ... wielding a +3 antimagic dagger
              (2 damage)
             ... on level 3 of the Dungeon on Feb 3, 2017.
             The game lasted 00:06:38 (2461 turns).

Gargoyl the Skirmisher (Ghoul Abyssal Knight)       Turns: 2461, Time: 00:06:39

Health: -1/46      AC: 10    Str: 16    XL:     5   Next: 37%
Magic:  4/6        EV:  4    Int:  7    God:    Lugonu [*.....]
Gold:   139        SH:  7    Dex:  9    Spells: 0 memorised, 4 levels left

rFire  + . .     SeeInvis +     i - +0 falchion (slice)
rCold  . . .     Gourm    .     k - +0 chain mail
rNeg   + + +     Faith    .     e - +0 shield
rPois  ∞         Spirit   .     (no helmet)
rElec  .         Reflect  .     d - +0 cloak
rCorr  .         Harm     .     (no gloves)
MR     .....                    (no boots)
Stlth  ..........               l - amulet of inaccuracy (curse)
                                h - ring of see invisible
                                f - ring of fire

@: rotting
A: rotting body, claws 1, carnivore 3, cold resistance 1, negative energy
resistance 3, slow regeneration 1, torment resistance, unbreathing
a: Depart the Abyss, Renounce Religion


You were on level 3 of the Dungeon.
You worshipped Lugonu.
Lugonu was aware of your devotion.
You were not hungry.

You visited 1 branch of the dungeon, and saw 3 of its levels.
You visited the Abyss 1 time.

You collected 139 gold pieces.

Inventory:

Hand Weapons
 a - a +1 hand axe
 i - a +0 falchion of slicing (weapon)
Armour
 d - a +0 cloak (worn)
 e - a +0 shield (worn)
 k - a +0 chain mail (worn)
Jewellery
 f - a ring of fire (left claw)
 h - a ring of see invisible (right claw)
 l - a cursed amulet of inaccuracy (around neck)
 m - a cursed ring of loudness {unknown}
Scrolls
 g - a scroll of amnesia
Comestibles
 c - 3 meat rations


   Skills:
 + Level 3.7 Fighting
 + Level 0.5 Long Blades
 + Level 2.7 Axes
 * Level 3.2 Armour
 + Level 1.0 Dodging
 + Level 1.0 Shields
 * Level 2.8 Invocations


You had 4 spell levels left.
You didn't know any spells.

Dungeon Overview and Level Annotations

Branches:
Dungeon (3/15)

Altars:


Innate Abilities, Weirdness & Mutations

Your body is rotting away.
You thrive on raw meat.
You are immune to poison.
You have sharp fingernails.
You are carnivorous and can eat meat at any time.
Your flesh is cold resistant. (rC+)
You are immune to negative energy. (rN+++)
You regenerate slowly when monsters are visible.
You are immune to unholy pain and torment.
You can survive without breathing.


Message History

The goblin is heavily wounded.
The quokka bites you.
* * * LOW HITPOINT WARNING * * *
The goblin completely misses you.
You riposte.
Your chain mail prevents you from hitting the goblin.
The goblin is heavily wounded.
You aren't carrying any potions.
Unknown command.
Okay, then.
You miss the goblin.
The goblin is heavily wounded.
You block the quokka's attack. The goblin hits you but does no damage.
You block the quokka's attack.
You miss the goblin.
The goblin is heavily wounded.
The goblin barely misses you.
The quokka twitches its whiskers.
You block the quokka's attack.
The goblin hits you with an antimagic dagger.
You die...

. .. .# #..##....
##...#.... ...
####......... ...
#.@g....#... ...
#r##......# #..
#)##......##.
###.####.##.l.......
#..........rg.....#
#!#.....###r....###
#.#..#.####......#
#....#....#....#....
...#......##...# #..


You could see a quokka and a goblin.

Vanquished Creatures
  Jessica (D:2)
  Ijyb (D:2)
  Terence (D:1)
  An adder (D:2)
  An ooze (D:2)
  A worm (D:2)
  3 dart slugs
  5 leopard geckos
  An orc (D:3)
  A giant cockroach (D:2)
  4 goblins
  3 hobgoblins
  4 jackals
  6 bats
  5 frilled lizards
  7 kobolds
  9 rats
54 creatures vanquished.

Notes
Turn   | Place    | Note
-------+----------+-------------------------------------------
     0 | Abyss:1  | Gargoyl the Ghoul Abyssal Knight began the quest for the Orb.
     0 | Abyss:1  | Reached XP level 1. HP: 19/19 MP: 1/1
    62 | Abyss:1  | Noticed a worldbinder
    80 | Abyss:1  | Noticed a smoke demon
    80 | D:1      | Escaped the Abyss
   160 | D:1      | Reached * piety under Lugonu
   199 | D:1      | Reached XP level 2. HP: 23/26 MP: 2/2
   848 | D:1      | Reached XP level 3. HP: 31/33 MP: 3/3
   931 | D:1      | HP: 1/33 [leopard gecko (4)]
  1174 | D:2      | Noticed Jessica
  1222 | D:2      | Killed Jessica
  1222 | D:2      | Reached XP level 4. HP: 23/40 MP: 4/4
  1589 | D:2      | Noticed Terence
  1593 | D:2      | Noticed Ijyb
  1621 | D:1      | Killed Terence
  2026 | D:2      | Killed Ijyb
  2026 | D:2      | Reached skill level 1 in Shields
  2026 | D:2      | Reached XP level 5. HP: 39/46 MP: 6/6
  2353 | D:3      | Reached skill level 1 in Dodging
  2455 | D:3      | HP: 1/46 [quokka (2)]
  2461 | D:3      | Slain by a goblin

Skill      XL: |  1  2  3  4  5 |
---------------+----------------+-----
Axes           | 2 |  2.7
Armour         | 2 3 |  3.2
Shields        | 1 |  1.0
Dodging        | 1 |  1.0
Fighting       | |  3.7
Long Blades    | |  0.5
Invocations    | |  2.8

Action                   |  1- 3 |  4- 6 || total
-------------------------+-------+-------++-------
Melee: Hand axe          |    96 |    72 ||   168
       Falchion          |       |   335 ||   335
Invok: Depart the Abyss  |     1 |       ||     1
  Use: Scroll            |     4 |     1 ||     5
       Potion            |     1 |     5 ||     6
  Eat: Chunk             |    12 |    16 ||    28
Armor: Leather armour    |    18 |       ||    18
       Ring mail         |    27 |    42 ||    69
       Chain mail        |       |   265 ||   265
Dodge: Dodged            |    47 |   109 ||   156
Block: Shield            |    42 |   195 ||   237
       Rpst.: Falchion   |       |    22 ||    22
